 Dungeon Crawl Stone Soup version 0.28.0-53-g5a82cb258f (webtiles) character file.

Game seed: 12408335001359674946

10 yppahwax the Fighter (level 2, 0/33 HPs)
             Began as a Gnoll Wanderer on Sept 6, 2022.
             Slain by a jackal (3 damage)
             ... on level 1 of the Dungeon.
             The game lasted 00:02:17 (130 turns).

yppahwax the Fighter (Gnoll Wanderer)                Turns: 130, Time: 00:02:17

Health: 0/33       AC:  4    Str: 11    XL:     2   Next: 20%
Magic:  2/2        EV: 11    Int: 10    God:
Gold:   0          SH:  0    Dex: 12    Spells: 1/1 levels left

rFire   . . .      SeeInvis .   a - +3 dagger
rCold   . . .      Faith    .   (no shield)
rNeg    . . .      Spirit   .   d - +0 leather armour
rPois   .          Reflect  .   (no helmet)
rElec   .          Harm     .   (no cloak)
rCorr   .          Rampage  .   c - +0 pair of gloves
Will    .....                   (no boots)
Stlth   ++........              (no amulet)
HPRegen 0.11/turn               (no ring)
MPRegen 0.08/turn               (no ring)

@: no status effects
A: fangs 1, strong nose, distributed training
a: no special abilities


You were on level 1 of the Dungeon.
You visited 1 branch of the dungeon, and saw 1 of its levels.

Inventory:

Hand Weapons
 a - a +3 dagger (weapon)
Missiles
 b - a curare-tipped dart (quivered)
Armour
 c - a +0 pair of gloves (worn)
 d - a +0 leather armour (worn)


   Skills:
 + Level 8.4 Fighting
 + Level 0.3 Short Blades
 + Level 0.3 Long Blades
 + Level 0.3 Axes
 + Level 0.3 Maces & Flails
 + Level 0.3 Polearms
 + Level 0.3 Staves
 + Level 0.3 Slings
 + Level 0.3 Bows
 + Level 0.3 Crossbows
 + Level 6.4 Throwing
 + Level 2.4 Armour
 + Level 0.3 Dodging
 + Level 4.0 Stealth
 + Level 0.3 Shields
 + Level 0.3 Unarmed Combat
 + Level 0.3 Spellcasting
 + Level 0.2 Conjurations
 + Level 0.2 Hexes
 + Level 0.2 Summonings
 + Level 0.2 Necromancy
 + Level 0.2 Translocations
 + Level 0.2 Transmutations
 + Level 0.2 Fire Magic
 + Level 0.2 Ice Magic
 + Level 0.2 Air Magic
 + Level 0.2 Earth Magic
 + Level 0.2 Poison Magic
 + Level 0.4 Invocations
 + Level 0.3 Evocations


You had one spell level left.
You didn't know any spells.
Your spell library contained the following spells:

 Spells                   Type           Power      Damage    Failure   Level
 Malign Gateway           Summ/Tloc      0%         N/A       100%        7
 Summon Horrible Things   Summ           0%         N/A       100%        8


Dungeon Overview and Level Annotations

Branches:
Dungeon (1/15)

Altars:

Shops:
D:1 [[*


Innate Abilities, Weirdness & Mutations

You have very sharp teeth.
Your uncanny sense of smell can sniff out nearby items.
Your experience applies equally to all skills.


Message History

You escape the ball python's grasp.
The ball python bites you.
* * * LOW HITPOINT WARNING * * *
The ball python grabs you. The ball python constricts you.
You escape the ball python's grasp.
You hit the ball python.
You kill the ball python!
You see here a ball python corpse.
e - a smoky red potion It was a potion of cancellation.
You feel magically purged.
A jackal comes into view.
The jackal moves out of view.
You see here a hobgoblin corpse.
A jackal comes into view.
Found Ytusywun's Armour Shop.
The jackal barks! x2
The jackal barely misses you. The jackal bites you.
* * * LOW HITPOINT WARNING * * *
You hit the jackal.
The jackal is severely wounded.
The jackal bites you but does no damage.
You hit the jackal.
You kill the jackal!
The jackal bites you but does no damage.
A rat comes into view.
The jackal bites you.
* * * LOW HITPOINT WARNING * * *
You see here a jackal corpse.
You barely miss the jackal.
A bat comes into view.
The jackal bites you.
* * * LOW HITPOINT WARNING * * *
The bat moves out of view.
You hit the jackal.
The jackal is lightly wounded.
The jackal bites you but does no damage.
The jackal closely misses you.
You completely miss the jackal.
The jackal is lightly wounded.
The jackal bites you.
You die...

#....###....∩).......
.....# ##.....####...
......####..#...## #
.......##....#.#...#
.......#..#.##......
.........##.##.......
..... #.##.......
....###.#...... ...
#.h@....... ...
#.....#.... ........#
## ....#...#.#
.....#.#... ......∩
...# .....#. ...# ...
.. #..#


You could see a jackal.

Vanquished Creatures
  3 hobgoblins (D:1)
  A jackal (D:1)
  2 kobolds (D:1)
  A quokka (D:1)
  A ball python (D:1)
8 creatures vanquished.

Notes
Turn   | Place    | Note
-------+----------+-------------------------------------------
     0 | D:1      | yppahwax the Gnoll Wanderer began the quest for the Orb.
     0 | D:1      | yppahwax set off with the following items: a +3 dagger, a
                  | curare-tipped dart, a +0 pair of gloves, a +0 leather
                  | armour
     0 | D:1      | Reached XP level 1. HP: 26/26 MP: 1/1
    18 | D:1      | Found Nitiolor's Assorted Antiques.
    55 | D:1      | Found Zifigupp's Armour Emporium.
    82 | D:1      | Reached XP level 2. HP: 8/33 MP: 2/2
   123 | D:1      | Found Ytusywun's Armour Shop.
   130 | D:1      | Slain by a jackal

Illustrated notes

Levels and vault maps discovered:
D:1:      amcnicky_arrival_single_pillar, layout_rooms, serial_shops, shop,
          nicolae_shop_stone, nicolae_shop_advertising_works
          [nicolae_subvault_shop_adworks], nicolae_shop_window_shopping, shop,
          minmay_misc_feat_hallway

Action                   || total
-------------------------++-------
Melee: Dagger            ||    34
       Bite              ||     1
  Use: Potion            ||     1
Armor: Leather armour    ||    17
Dodge: Dodged            ||    29
